 Dungeon Crawl Stone Soup version 0.19.3-4-gbf9329e (webtiles) character file.

47501 Gargoyl the Envoy of Void (level 14, -14/121 (122) HPs)
             Began as a Ghoul Abyssal Knight on Jan 29, 2017.
             Was a High Priest of Lugonu.
             Splashed by an acid blob's acid (16 damage)
             ... on level 6 of the Lair of Beasts on Jan 30, 2017.
             The game lasted 00:38:09 (16922 turns).

Gargoyl the Envoy of Void (Ghoul Abyssal Knight)   Turns: 16922, Time: 00:38:12

HP:   -14/121 (122) AC:  8    Str: 22    XL:     14   Next: 42%
MP:   8/22          EV:  9    Int:  7    God:    Lugonu [*****.]
Gold: 771           SH:  8    Dex: 15    Spells: 0 memorised, 13 levels left

rFire  . . .     SeeInvis .     u - +4 war axe (flame)
rCold  + . .     Gourm    .     m - +0 plate armour
rNeg   + + +     Faith    .     s - +0 buckler
rPois  ∞         Spirit   .     t - +0 helmet
rElec  .         Reflect  +     g - +1 cloak
rCorr  .         Harm     .     v - +2 pair of gloves {archery}
MR     +....                    r - +0 pair of boots
Stlth  ..........               f - +3 amulet of reflection
                                A - +4 ring of dexterity
                                e - +4 ring of strength

@: about to teleport, corroded, very slightly contaminated, rotting
A: rotting body, claws 1, carnivore 3, cold resistance 1, negative energy
resistance 3, slow regeneration 1, torment resistance, unbreathing
a: Depart the Abyss, Bend Space, Banish, Corrupt, Enter the Abyss, Renounce
Religion


You were on level 6 of the Lair of Beasts.
You worshipped Lugonu.
Lugonu was extremely pleased with you.
You were not hungry.

You visited 2 branches of the dungeon, and saw 17 of its levels.
You visited the Abyss 1 time.
You also visited: Ice Cave.

You collected 1233 gold pieces.
You spent 462 gold pieces at shops.

Inventory:

Hand Weapons
 u - a +4 war axe of flaming (weapon)
 E - a +0 war axe
 I - a +2 war axe of freezing
Missiles
 q - 4 javelins of returning (quivered)
Armour
 g - a +1 cloak (worn)
 m - a +0 plate armour (worn)
 r - a +0 pair of boots (worn)
 s - a +0 buckler (worn)
 t - a +0 helmet (worn)
 v - a +2 pair of gloves of archery (worn)
Jewellery
 e - a +4 ring of strength (left hand)
 f - a +3 amulet of reflection (around neck)
 n - a cursed ring of protection from magic
 o - an uncursed ring of protection from fire
 w - an uncursed ring of protection from cold
 A - a +4 ring of dexterity (right hand)
 D - the amulet of Soitumat {RegenMP rElec Str-3 Int-3 Slay+5}
   (You found it on level 8 of the Dungeon)

   [amulet of magic regeneration]

   It increases your magic regeneration.
   It affects your strength (-3).
   It affects your intelligence (-3).
   It affects your accuracy and damage with ranged weapons and melee attacks
   (+5).
   It insulates you from electricity.
 S - an uncursed ring of protection from fire
 W - an uncursed amulet of harm {unknown}
Wands
 a - a wand of polymorph (15/24)
 h - a wand of digging (23/24)
 J - a wand of disintegration (17/24)
Scrolls
 d - 3 scrolls of magic mapping
 j - 10 scrolls of remove curse
 C - a scroll of teleportation
 H - a scroll of blinking
 L - 3 scrolls of recharging
 T - a scroll of silence
Potions
 b - 3 potions of resistance
 p - a potion of cancellation
 x - 2 potions of might
 F - 4 potions of brilliance
 K - 2 potions of curing
 M - 2 potions of magic
 N - a potion of invisibility
 P - 3 potions of agility {unknown}
 Q - 2 potions of flight {unknown}
 Y - a potion of haste
Comestibles
 c - 7 meat rations


   Skills:
 + Level 10.5 Fighting
 + Level 12.1 Axes
 + Level 3.8 Throwing
 * Level 12.0 Armour
 + Level 4.5 Dodging
 + Level 5.9 Shields
 * Level 12.2 Invocations
 + Level 0.1 Evocations


You had 13 spell levels left.
You didn't know any spells.

Dungeon Overview and Level Annotations

Branches:
Dungeon (11/15)            Temple (0/1) D:5            Lair (6/6) D:11
  Swamp (0/4) Lair:2       Spider (0/4) Lair:4        Slime (0/5) Lair:6
    Orc (0/2) D:9

Altars:
Cheibriados
Fedhas
Gozag
Kikubaaqudgha
Makhleb
Nemelex Xobeh
Qazlal
Trog
Uskayaw
Vehumet
Xom
Yredelemnul
Zin
The Shining One
Jiyva

Shops:
D:4 *   D:9 [(   D:11 *

Annotations:
D:11 3 runed doors
Abyss:1 Prince Ribbit


Innate Abilities, Weirdness & Mutations

Your body is rotting away.
You thrive on raw meat.
You are immune to poison.
You have sharp fingernails.
You are carnivorous and can eat meat at any time.
Your flesh is cold resistant. (rC+)
You are immune to negative energy. (rN+++)
You regenerate slowly when monsters are visible.
You are immune to unholy pain and torment.
You can survive without breathing.


Message History

The acid blob resists with almost no effort.
You feel somewhat more hungry. The acid blob spits acid at you.
The splash of acid hits you!
You are splashed with acid!
The acid burns!
* * * LOW HITPOINT WARNING * * *
The acid blob hits you!
* * * LOW HITPOINT WARNING * * *
The acid corrodes you!
You are splashed with acid!
The acid burns!
* * * LOW HITPOINT WARNING * * *
Blink to where?
Press: ? - help, Dir - move target cursor, p - acid blob You are very lightly contaminated with residual magic.
As you read the scroll of blinking, it crumbles to dust.
As you read the scroll of teleportation, it crumbles to dust.
You feel strangely unstable. The acid blob spits acid at you.
The splash of acid hits you!
* * * LOW HITPOINT WARNING * * *
The acid corrodes you!
You are splashed with acid!
The acid burns!
You die...

.........§..............,,,,,*
........§.......J.......,,,,,*
.....≈§≈≈≈§≈≈≈..........,,,,,*
.....≈≈≈≈§≈§§≈..........,,,,,*
.....§§≈≈§≈≈§§..........,,,,,**
.....§≈≈≈≈≈§§§..........,,,,,,*
÷÷...≈≈≈≈§≈.§≈§.........,,,,,,*
......§.....§...........,,,,,,*
.#.P#.....≈≈≈≈≈.@.......,,,,,**
#####.....≈#####...≈≈§≈≈≈≈≈≈,**
.#####P...≈#.......§§≈#§*≈≈≈,,**
.##.##.P..≈#.....≈.§§##***≈≈,,,*
...<......≈#...≈#..≈≈≈#***≈≈,,**
P..........#..≈#≈..≈≈≈#*≈*≈≈,,,*
....#.#..#....#≈...≈≈#≈#≈≈≈≈,,**
P..##...##...≈.....≈≈§≈§≈≈≈≈,,*
.PPP..#.#P.........≈§≈§≈≈≈≈≈,,*


You could see an acid blob.

Vanquished Creatures
  Snorg (D:11)
  Erolcha (D:11)
  Harold (D:10)
  9 hydras
  A hill giant (D:11)
  3 ugly things
  A manticore (Lair:3)
  3 wolf spiders
  7 black mambas
  An ice statue (D:11)
  A guardian serpent (Lair:6)
  2 kobold demonologists (D:11)
  13 spiny frogs
  5 komodo dragons
  7 rime drakes
  A troll (D:11)
  2 polar bears
  A two-headed ogre (D:10)
  2 hornets (Lair:6)
  18 blink frogs
  16 hippogriffs
  13 dream sheep
  2 spriggans
  10 wyverns
  Sigmund (D:5)
  7 basilisks
  3 fire bats (Lair:6)
  3 hungry ghosts
  18 yaks
  Edmund (D:4)
  14 water moccasins
  4 porcupines
  7 ice beasts
  5 orc warriors
  2 black bears
  A sky beast (D:7)
  2 ogres (D:9)
  3 centaurs
  5 wolves (Lair:5)
  7 crocodiles
  5 big kobolds
  A gnoll sergeant (D:8)
  14 bullfrogs
  4 scorpions
  9 killer bees
  5 wights (D:7)
  5 howler monkeys
  2 jellies
  An electric eel (Lair:4)
  3 crimson imps
  A lava snake (Lair:6)
  2 quasits
  7 hounds
  An iron imp (D:6)
  A bullfrog skeleton (D:8)
  4 orc priests
  A centaur skeleton (D:4)
  9 orc wizards
  A gnoll shaman (D:6)
  An iguana (D:8)
  10 worker ants
  3 hound skeletons
  A howler monkey skeleton (D:7)
  2 worker ant zombies
  15 adders
  12 gnolls
  A shadow imp (D:8)
  2 oozes
  An ooze (shapeshifter) (D:8)
  An adder zombie (D:6)
  An adder skeleton (D:5)
  3 worms
  4 leopard geckos
  A leopard gecko (shapeshifter) (D:8)
  39 orcs
  4 giant cockroaches
  4 goblins
  13 hobgoblins
  8 jackals
  5 quokkas
  9 bats
  5 frilled lizards
  2 jackal skeletons (D:4)
  18 kobolds
  A leopard gecko skeleton (D:6)
  A quokka skeleton (D:5)
  3 rats (D:2)
  5 fungi
  3 plants
458 creatures vanquished.

Vanquished Creatures (others)
  An ugly thing (D:10)
  A spiny frog (Lair:6)
  The ghost of Kloppie the Skirmisher, an amateur DsBe of Trog (D:4)
  2 orc warriors (D:8)
  2 electric eels (Lair:4)
  An orc (D:6)
  2 fungi (Lair:5)
  4 plants
14 creatures vanquished.

Grand Total: 472 creatures vanquished

Notes
Turn   | Place    | Note
-------+----------+-------------------------------------------
     0 | Abyss:1  | Gargoyl the Ghoul Abyssal Knight began the quest for the Orb.
     0 | Abyss:1  | Reached XP level 1. HP: 19/19 MP: 1/1
    57 | Abyss:1  | Noticed a large abomination
    59 | D:1      | Escaped the Abyss
   301 | D:1      | Reached XP level 2. HP: 26/26 MP: 2/2
   342 | D:1      | Reached * piety under Lugonu
  1021 | D:2      | Found a stormy altar of Qazlal.
  1026 | D:2      | Found a blossoming altar of Fedhas.
  1080 | D:2      | Reached XP level 3. HP: 31/31 MP: 3/3
  1249 | D:2      | Reached skill level 1 in Dodging
  1294 | D:2      | Found a snail-covered altar of Cheibriados.
  1547 | D:2      | Reached XP level 4. HP: 38/38 MP: 5/5
  1789 | D:3      | Reached ** piety under Lugonu
  1911 | D:3      | Found an opulent altar of Gozag.
  2007 | D:3      | Found a faded altar of an unknown god.
  2404 | D:3      | Reached XP level 5. HP: 40/46 MP: 6/6
  2635 | D:4      | Reached XP level 6. HP: 40/52 MP: 7/7
  2649 | D:4      | Found Cegumoyg's General Store.
  2657 | D:4      | Bought a +0 pair of boots for 45 gold pieces
  2698 | D:4      | Found a bloodstained altar of Trog.
  2702 | D:4      | Reached *** piety under Lugonu
  2777 | D:4      | Noticed Edmund
  2830 | D:4      | Killed Edmund
  2840 | D:4      | Reached XP level 7. HP: 46/59 MP: 7/9
  2909 | D:4      | Noticed Kloppie's ghost (amateur DsBe)
  2919 | D:4      | Reached XP level 8. HP: 28/71 MP: 9/13
  2921 | D:4      | Banished Kloppie's ghost
  3151 | D:4      | Found a basalt altar of Yredelemnul.
  3293 | D:5      | Entered Level 5 of the Dungeon
  3321 | D:5      | Noticed Sigmund
  3342 | D:5      | Killed Sigmund
  3736 | D:5      | Found a staircase to the Ecumenical Temple.
  4404 | D:6      | Reached XP level 9. HP: 69/78 MP: 14/14
  4497 | D:6      | Found a glowing golden altar of the Shining One.
  4853 | D:6      | Found a glowing silver altar of Zin.
  4916 | D:5      | Found a bloodstained altar of Trog.
  5027 | D:6      | Reached skill level 1 in Shields
  5194 | D:6      | Found a burning altar of Makhleb.
  5399 | D:7      | Reached **** piety under Lugonu
  5714 | D:7      | Found a hide-covered altar of Uskayaw.
  5854 | D:8      | Found a radiant altar of Vehumet.
  5860 | D:8      | Found a shimmering altar of Xom.
  5994 | D:8      | Got a slimy ruby amulet
  6004 | D:8      | Found a shimmering altar of Xom.
  6004 | D:8      | Found a shimmering altar of Xom.
  6004 | D:8      | Found a shimmering altar of Xom.
  6005 | D:8      | Found a shimmering altar of Xom.
  6006 | D:8      | Found a shimmering altar of Xom.
  6013 | D:8      | Found a shimmering altar of Xom.
  6106 | D:8      | Found an ancient bone altar of Kikubaaqudgha.
  6140 | D:8      | Noticed Prince Ribbit
  6756 | D:8      | Reached XP level 10. HP: 56/84 MP: 15/15
  6799 | D:8      | Identified the amulet of Soitumat {RegenMP rElec Str-3 Int-3 Slay+5} (You found it on level 8 of the Dungeon)
  6975 | D:8      | Banished Prince Ribbit
  7456 | D:9      | Found Leuss's Armour Shoppe.
  7456 | D:9      | Found a staircase to the Orcish Mines.
  7456 | D:9      | Found Tuew's Weapon Shoppe.
  7511 | D:8      | HP: 2/84 [orc warrior/short sword (10)]
  7796 | D:9      | Bought a +2 war axe of flaming for 237 gold pieces
  7826 | D:9      | You fall through a shaft for 2 floors!
  7826 | D:11     | Noticed a kobold demonologist
  7826 | D:11     | Noticed a kobold demonologist
  7826 | D:11     | Noticed an eight-headed hydra
  7832 | D:11     | Killed a kobold demonologist
  7841 | D:11     | Killed a kobold demonologist
  7842 | D:11     | Killed a two-headed hydra
  7863 | D:11     | Found a runed door.
  7888 | D:11     | Found a runed door.
  7952 | D:11     | Noticed a white ugly thing
  7957 | D:10     | Entered Level 10 of the Dungeon
  7958 | D:10     | Banished a white ugly thing
  7986 | D:10     | Reached XP level 11. HP: 78/92 MP: 15/17
  8196 | D:9      | Found a sparkling altar of Nemelex Xobeh.
  8937 | D:10     | Noticed Harold
  8977 | D:10     | Killed Harold
  9434 | D:10     | Identified a scroll of acquirement
  9576 | D:11     | Noticed a red ugly thing
  9599 | D:11     | Killed a red ugly thing
  9732 | D:11     | Noticed Erolcha
  9743 | D:11     | Killed Erolcha
  9789 | D:11     | Found a staircase to the Lair.
  9814 | D:11     | Noticed Snorg
  9831 | D:11     | Killed Snorg
  9831 | D:11     | Reached skill level 10 in Invocations
  9900 | D:11     | Noticed a hill giant
  9911 | D:11     | Killed a hill giant
 10012 | D:11     | Found Synefod's General Store.
 10020 | D:11     | Bought a scroll of enchant armour for 90 gold pieces
 10020 | D:11     | Bought a scroll of blinking for 90 gold pieces
 10215 | D:11     | Found a runed door.
 10285 | D:11     | Found a runed door.
 10477 | Lair:1   | Entered Level 1 of the Lair of Beasts
 11038 | Lair:1   | Reached XP level 12. HP: 101/101 MP: 18/18
 11233 | Lair:2   | Found a staircase to the Swamp.
 11470 | Lair:2   | Reached skill level 10 in Axes
 11536 | Lair:2   | Reached ***** piety under Lugonu
 12197 | Lair:3   | Reached skill level 10 in Armour
 12283 | Lair:3   | Noticed a six-headed hydra
 12297 | Lair:3   | Killed a one-headed hydra
 13156 | Lair:4   | Noticed a five-headed hydra
 13161 | Lair:4   | Killed a one-headed hydra
 13610 | Lair:4   | Reached XP level 13. HP: 101/110 MP: 20/20
 14166 | Lair:4   | Found a hole to the Spider Nest.
 15055 | Lair:5   | Reached skill level 5 in Shields
 15469 | Lair:5   | Identified Sif Muna's Handbook of Ignition and Execration
 15821 | Lair:6   | Entered Level 6 of the Lair of Beasts
 15977 | Lair:6   | Reached skill level 10 in Fighting
 16028 | Lair:6   | Found a viscous altar of Jiyva.
 16029 | Lair:6   | Found a staircase to the Slime Pits.
 16052 | Lair:6   | Reached XP level 14. HP: 112/121 MP: 21/21
 16206 | Lair:6   | Reached ****** piety under Lugonu
 16496 | Lair:6   | Found a frozen archway.
 16523 | IceCv    | Entered an ice cave
 16565 | IceCv    | Noticed cba's ghost (journeyman OpAs)
 16908 | Lair:6   | Noticed an acid blob
 16922 | Lair:6   | HP: 2/121 [acid blob/splash of acid (6)]
 16922 | Lair:6   | Splashed by an acid blob's acid

Skill      XL: |  1  2  3  4  5  6  7  8  9 10 11 12 13 14 |
---------------+-------------------------------------------+-----
Armour         | 2 3 7 8 9 10 11 12 | 12.0
Axes           | 2 3 4 6 7 8 9 10 11 12 | 12.1
Dodging        | 1 4 |  4.5
Invocations    | 3 4 8 9 10 11 12 | 12.2
Fighting       | 4 6 7 9 10 | 10.5
Throwing       | 3 |  3.8
Shields        | 1 2 3 4 5 |  5.9
Evocations     | |  0.1

Action                   |  1- 3 |  4- 6 |  7- 9 | 10-12 | 13-15 || total
-------------------------+-------+-------+-------+-------+-------++-------
Melee: Hand axe          |   106 |   185 |   506 |   126 |       ||   923
       War axe           |       |       |       |   560 |   438 ||   998
Throw: Javelin           |       |       |     6 |     1 |       ||     7
Invok: Depart the Abyss  |     1 |       |       |       |       ||     1
       Banish            |       |       |     1 |     7 |     9 ||    17
       Bend Space        |       |       |       |     1 |     3 ||     4
Evoke: Wand              |       |       |     1 |     1 |       ||     2
  Use: Scroll            |     5 |     2 |     6 |    13 |     4 ||    30
       Potion            |     2 |       |     8 |     3 |     1 ||    14
 Stab: Invisible         |       |       |       |     1 |       ||     1
  Eat: Chunk             |    21 |    24 |    56 |   132 |   110 ||   343
Armor: Leather armour    |    17 |       |       |       |       ||    17
       Ring mail         |    25 |    27 |       |       |       ||    52
       Chain mail        |       |    95 |   295 |     4 |       ||   394
       Plate armour      |       |       |       |   541 |   535 ||  1076
Dodge: Dodged            |    73 |   106 |   178 |   306 |   291 ||   954
Block: Other             |    13 |    28 |     5 |       |       ||    46
       Reflection        |       |     2 |     1 |     4 |     7 ||    14
       Buckler           |       |       |   148 |   325 |   293 ||   766
